Map: Defender's Landing LE

Players

tothemax

  • Race: Zerg Zerg
  • Spawn Location: 7:00

A.I. 1 (Very Hard) - Winner!

  • Race: Terran Terran
  • Spawn Location: 1:00

VOD

Have the link to the VOD?

Description

Time

  • Played on: May 31, 2017, 7:38 p.m.
  • Length: 3:47
Show
View Real Time Build Order
Export as new Build Order

tothemax Zerg 

Build Orders: Hatch First 

Get SALT Encoding   

  12  0:02  Drone  
  13  0:16  Overlord  
  13  0:22  Drone  
  14  0:36  Drone x2  
  14  0:39  Drone  
  17  0:59  Hatchery  
  17  1:01  Drone  
  17  1:05  Drone  
  18  1:17  Extractor  
  17  1:23  Spawning Pool  
  16  1:25  Drone  
  16  1:26  Drone  
  18  1:35  Drone  
  19  1:54  Overlord  
  19  2:10  Zergling x2  
  19  2:12  Zergling x2, Queen  
  19  2:13  Drone  
  24  2:19  Drone  
  25  2:24  Metabolic Boost  
  25  2:25  Drone  
  26  2:30  Drone  
  26  2:34  Drone  
Show
View Real Time Build Order
Export as new Build Order

A.I. 1 (Very Hard) Terran - Winner!

Build Orders:  

Get SALT Encoding   

  12  0:00  SCV  
  13  0:13  SCV  
  14  0:19  Supply Depot  
  14  0:25  SCV  
  15  0:40  SCV  
  16  0:42  Barracks  
  16  0:52  SCV  
  17  1:04  SCV  
  18  1:16  SCV  
  18  1:17  Supply Depot  
  19  1:21  Refinery  
  19  1:29  SCV  
  19  1:30  Marine  
  21  1:41  SCV  
  22  1:48  Marine  
  22  1:51  Barracks  
  22  1:53  SCV  
  24  1:55  Refinery  
  24  2:03  Supply Depot  
  24  2:05  SCV, Marine  
  26  2:17  SCV  
  27  2:23  Marine  
  27  2:27  Factory  
  27  2:29  SCV  
  29  2:38  Marine  
  29  2:41  SCV, Marine  
  32  2:53  SCV  
  32  2:56  Marine  
  34  2:59  Marine  
  35  3:06  Barracks, SCV  
  36  3:13  Marine  
  36  3:17  Barracks Tech Lab  
  36  3:18  SCV  
  38  3:21  Factory Tech Lab  
  38  3:30  SCV  
  38  3:31  Supply Depot  
  38  3:32  Barracks Tech Lab  
Tags
 
Add a new tag
Caveats
  • Supply blocks, unpowered buildings, or Contaminate may cause inaccurate times.
  • Supply counts are checked every 10 seconds.